Construct Section Command Post
Construct Field Infirmary
Construct Platoon Command Post
Selects Air and Sea Battlegroup
Selects Commando Section Paradrop
Commando Section Paradrop
Selects Commando Support Section Paradrop
Commando Support Section Paradrop
6-pounder Anti-tank Gun Team
6-pounder Anti-tank Gun Team
Selects Anti-tank Rocket Loiter
Construct Company Command Post
Selects Centaur Medium Tank
Unlock M3 Grant Medium Tanks
Commando Section Paradrop